 Dungeon Crawl Stone Soup version 0.31-a0-700-gf13585253f (webtiles) character file.

Game seed: 4838673660943469006

93 qw the Shooter (level 4, -1/28 HPs)
             Began as a Gargoyle Hunter on Sept 7, 2023.
             Slain by an orc wizard
             ... wielding a +0 dagger
              (2 damage)
             ... on level 3 of the Dungeon.
             The game lasted 00:00:45 (2092 turns).

qw the Shooter (Gargoyle Hunter)                    Turns: 2092, Time: 00:00:45

Health: -1/28      AC:  8    Str: 19    XL:     4   Next: 61%
Magic:  4/4        EV: 11    Int:  8    God:
Gold:   202        SH:  0    Dex: 14    Spells: 3/3 levels left

rFire   . . .        Y - +0 shortbow
rCold   . . .        (shield currently unavailable)
rNeg    + . .        i - +0 ring mail
rPois   inf          (no helmet)
rElec   +            (no cloak)
rCorr   .            (no gloves)
SInv    .            (no boots)
Will    .....        (no amulet)
Stlth   +            (no ring)
HPRegen 0.24/turn    (no ring)
MPRegen 0.09/turn

%: no passive effects
@: no status effects
A: sickness immunity, AC +3, negative energy resistance 1, electricity
resistance, torment resistance 1, petrification resistance, strong 1
a: no special abilities


You were on level 3 of the Dungeon.
You visited 1 branch of the dungeon, and saw 3 of its levels.

You collected 202 gold pieces.


Innate Abilities, Weirdness & Mutations

You are immune to sickness and miasma.
Your stone body is resilient. (AC +3)
You are immune to poison.
You resist negative energy. (rN+)
You are resistant to electric shocks. (rElec)
You are resistant to unholy torment.
You are immune to petrification.
Your muscles are strong. (Str +4, Int/Dex -1)


   Skills:
 - Level 3.0 Fighting
 + Level 5.4 Ranged Weapons
 - Level 1.0 Armour
 - Level 1.5 Dodging
 - Level 1.1 Stealth


You had 3 spell levels left.
You didn't know any spells.
Your spell library was empty.

Inventory:

Hand Weapons
 Y - a +0 shortbow (weapon)
Armour
 i - a +0 ring mail (worn)
Jewellery
 b - a ring of wizardry
 f - a ring of fire
Scrolls
 c - a scroll of poison {unknown}
Potions
 a - 2 potions of brilliance {unknown}
 d - a potion of heal wounds {unknown}
 e - a potion of lignification {unknown}
 g - 2 potions of mutation

Dungeon Overview and Level Annotations

Branches:
Dungeon (3/15)

Altars:


Message History

Deactivating autopickup; reactivate with Ctrl-A.
Enter note:
2081 |||
Found retreat position at 1,1 (floor) with 0 blocking monsters and 2 monsters attacking at destination at distance 1
2081 ||| Stepping ~*~*~tactically~*~*~ (retreating).
The orc attacks as it pursues you! The orc closely misses you.
You shoot an arrow. The arrow hits the orc.
The orc is moderately wounded.
The orc misses you.
You shoot an arrow.
The arrow hits the orc but does no damage.
The orc is moderately wounded.
The orc hits you but does no damage. The orc priest hits you with a +0 club.
You shoot an arrow. The arrow hits the orc.
The orc is heavily wounded.
The orc hits you with a +0 club. The orc priest hits you with a +0 club.
The orc hits you with a +0 club.
The orc priest looks braver for a moment.
You shoot an arrow. The arrow barely misses the orc.
The orc hits you but does no damage.
You shoot an arrow. The arrow hits the orc.
The orc is almost dead.
The orc hits you with a +0 club.
You shoot an arrow. The arrow hits the orc.
You kill the orc!
The orc hits you but does no damage.
You shoot an arrow. The arrow hits the orc!
You kill the orc!
You hear some strange, mumbled words.
Something tries to affect you, but you resist.
You shoot an arrow. The arrow barely misses the orc.
You shoot an arrow. The arrow hits the orc!
You kill the orc!
You shoot an arrow.
The arrow hits the orc priest but does no damage.
Something hits you.
The orc priest calls down the wrath of Beogh upon you.
Pain shoots through your body!
You shoot an arrow. The arrow barely misses the orc priest.
Something hits you.
You die...

#..#######.# #.##.###.###
## #.#........ . .##
#...##.###.# .##..#
#.#)#........ ..#.#
#.#... #.###.##...#
#.#.#.#......)#.#.##
#...#(.. #$##o))#..#
#.#.#.#.#...#.#@#.#
#)#...#... ...#...# #
#.#.#.#.#...#.#.#.##.##
#...#...##.##...#.)...#
#.#.#.#.......#.#.#.....#
#.#...##.###.##...#####.#
#.#.#...%.......#.#
#...##.###.###(##..#
#.#.).............##


You could see an orc priest.

Vanquished Creatures
  2 adders (D:2)
  A gnoll (D:3)
  3 worms
  4 orcs (D:3)
  3 endoplasms (D:1)
  6 giant cockroaches
  6 goblins
  2 hobgoblins
  3 kobolds
  3 quokkas
  7 ball pythons
  3 bats
  2 frilled lizards
  6 rats
51 creatures vanquished.

Notes
Turn   | Place    | Note
-------+----------+-------------------------------------------
     0 | D:1      | qw the Gargoyle Hunter began the quest for the Orb.
     0 | D:1      | Reached XP level 1. HP: 12/12 MP: 1/1
     0 | D:1      | 0 ||| qw: Version: 0.3-a-76-g4403597
     0 | D:1      | 0 ||| qw: Game counter: 555
     0 | D:1      | 0 ||| qw: Melee chars always use a shield: true
     0 | D:1      | 0 ||| qw: God list: Okawaru
     0 | D:1      | 0 ||| qw: Allow faded altars: false
     0 | D:1      | 0 ||| qw: Do Orc after clearing Dungeon:15 true
     0 | D:1      | 0 ||| qw: Do second Lair branch before Depths: true
     0 | D:1      | 0 ||| qw: Lair rune preference: random
     0 | D:1      | 0 ||| qw: Goals: Normal
     0 | D:1      | 0 ||| PLANNING D:1-11
   125 | D:1      | Reached XP level 2. HP: 17/17 MP: 2/2
   825 | D:1      | 825 ||| UPGRADING to +0 ring mail.
   835 | D:1      | 835 ||| DROPPING +0 leather armour.
   836 | D:1      | 836 ||| READING scroll labelled GUCOOH JEAMUA.
   837 | D:1      | 837 ||| READING scroll labelled QECHURH TAINO.
   838 | D:1      | 838 ||| DROPPING scroll of butterflies.
  1054 | D:2      | Found a faded altar of an unknown god.
  1209 | D:2      | Reached skill level 1 in Armour
  1219 | D:2      | Reached XP level 3. HP: 21/21 MP: 3/3
  1276 | D:2      | Reached skill level 5 in Ranged Weapons
  1694 | D:2      | 1694 ||| READING scroll labelled ZYROEJ TOSINY.
  1695 | D:2      | 1695 ||| DRINKING 2 sapphire potions.
  1696 | D:2      | 1696 ||| DRINKING 2 amethyst potions.
  1696 | D:2      | Gained mutation: Your muscles are strong. (Str +4, Int/Dex
                  | -1) [potion of mutation]
  1697 | D:2      | 1697 ||| DROPPING potion of attraction.
  1723 | D:3      | Reached XP level 4. HP: 27/27 MP: 4/4
  1765 | D:3      | Reached skill level 3 in Fighting
  1778 | D:3      | 1778 ||| Stepping ~*~*~tactically~*~*~ (outnumbered).
  1827 | D:3      | 1827 ||| FLEEEEING.
  1832 | D:3      | 1832 ||| FLEEEEING.
  1833 | D:3      | 1833 ||| FLEEEEING.
  1834 | D:3      | 1834 ||| FLEEEEING.
  1835 | D:3      | 1835 ||| FLEEEEING.
  2079 | D:3      | 2079 ||| RETREATING.
  2081 | D:3      | 2081 ||| Stepping ~*~*~tactically~*~*~ (retreating).
  2084 | D:3      | HP: 7/28 [orc/+0 club (2)]
  2091 | D:3      | HP: 3/28 [something (2)]
  2091 | D:3      | HP: 1/28 [orc priest/nerve-wracking pain (2)]
  2092 | D:3      | Slain by an orc wizard

Levels and vault maps discovered:
D:1:      evilmike_arrival_hilbert_curve, layout_basic, minmay_hedge_maze,
          nicolae_concentric_dashed_squares_wild, amethyst_killhole,
          minmay_misc_feat_five, chequers_serial_rivers_small_a
D:2:      layout_loops_corners, shapermc_ecumenical_altar_venn,
          kennysheep_minor_cross
D:3:      minmay_chambers_of_twos, layout_basic,
          nicolae_concentric_dashed_squares_mild, amcnicky_mini_pool_small,
          uniq_ijyb

Skill      XL: |  1  2  3  4 |
---------------+-------------+-----
Armour         | 1 |  1.0
Ranged Weapons | 5 |  5.4
Fighting       | 3 |  3.0
Dodging        | |  1.5
Stealth        | |  1.1

Action                     |  1- 3 |  4- 6 || total
---------------------------+-------+-------++-------
   Fire: Shortbow          |   102 |    69 ||   171
    Use: Scroll            |     3 |       ||     3
         Potion            |     2 |       ||     2
 Armour: Leather armour    |     5 |       ||     5
         Ring mail         |    17 |    28 ||    45
  Dodge: Dodged            |    17 |    16 ||    33

Table legend:
 A = Non-vault XP
 B = Vault XP
 C = Vault XP percentage of total XP
 D = Non-vault monster count
 E = Vault monster count
 F = Vault count percentage of total count
                 A         B        C        D         E       F
            +---------+---------+-------+---------+---------+-------
      Total |     106 |      27 |  20.3 |      43 |       8 |  15.7
            +---------+---------+-------+---------+---------+-------
        D:1 |      24 |       0 |   0.0 |      15 |       0 |   0.0
        D:2 |      56 |       0 |   0.0 |      18 |       0 |   0.0
        D:3 |      26 |      27 |  50.9 |      10 |       8 |  44.4
            +---------+---------+-------+---------+---------+-------
